 Dungeon Crawl Stone Soup version 0.31-a0-214-gb37851dbb3 (webtiles) character file.

Game seed: 6422411674759869017

32 qw the Shooter (level 3, -2/21 HPs)
             Began as a Gargoyle Hexslinger on July 1, 2023.
             Slain by a goblin
             ... wielding a +0 club
             ... led by Robin
              (4 damage)
             ... on level 2 of the Dungeon.
             The game lasted 00:00:20 (1048 turns).

qw the Shooter (Gargoyle Hexslinger)                Turns: 1048, Time: 00:00:21

Health: -2/21      AC:  6    Str: 11    XL:     3   Next: 27%
Magic:  4/4        EV: 11    Int: 13    God:
Gold:   43         SH:  0    Dex: 14    Spells: 3/4 levels left

rFire   . . .        Y - +1 sling
rCold   . . .        (no shield)
rNeg    + . .        h - +0 leather armour
rPois   inf          (no helmet)
rElec   +            (no cloak)
rCorr   .            (no gloves)
SInv    .            (no boots)
Will    .....        (no amulet)
Stlth   +            (no ring)
HPRegen 0.23/turn    (no ring)
MPRegen 0.09/turn

%: no passive effects
@: no status effects
A: sickness immunity, AC +3, negative energy resistance 1, electricity
resistance, torment resistance 1, petrification resistance
a: no special abilities


You were on level 2 of the Dungeon.
You visited 1 branch of the dungeon, and saw 2 of its levels.

You collected 43 gold pieces.


Innate Abilities, Weirdness & Mutations

You are immune to sickness and miasma.
Your stone body is resilient. (AC +3)
You are immune to poison.
You resist negative energy. (rN+)
You are resistant to electric shocks. (rElec)
You are resistant to unholy torment.
You are immune to petrification.


   Skills:
 - Level 2.0 Fighting
 + Level 3.2 Ranged Weapons
 - Level 1.5 Dodging
 - Level 1.0 Spellcasting
 - Level 2.6 Hexes


You had 3 spell levels left.
You knew the following spells:

 Your Spells              Type           Power      Damage    Failure   Level
a - Slow                  Hex            28%        N/A       12%         1

Your spell library contained the following spells:

 Spells                   Type           Power      Damage    Failure   Level
 Inner Flame              Hex/Fire       4%         N/A       54%         3
 Portal Projectile        Hex/Tloc       8%         N/A       54%         3
 Cause Fear               Hex            3%         N/A       77%         4

Inventory:

Hand Weapons
 Y - a +1 sling (weapon)
Armour
 h - a +0 leather armour (worn)
Potions
 d - a potion of degeneration {unknown}
 e - a potion of curing {unknown}
 f - a potion of enlightenment {unknown}
 i - a potion of might {unknown}

Dungeon Overview and Level Annotations

Branches:
Dungeon (2/15)

Altars:

Annotations:
D:2 Robin


Message History

The gnoll is moderately wounded.
The gnoll closely misses you.
A hobgoblin comes into view.
You shoot a sling bullet. The hobgoblin shouts!
The sling bullet hits the goblin.
You kill the goblin!
A hobgoblin comes into view.
The gnoll hits you from afar with a +0 spear. x2
The goblin hits you but does no damage.
Robin of the Strong Arm comes into view.
They are wielding a +1 antimagic mace.
You shoot a sling bullet.
The sling bullet barely misses the goblin.
The sling bullet barely misses the gnoll.
The hobgoblin shouts!
The sling bullet hits the hobgoblin.
The hobgoblin is almost dead.
The gnoll closely misses you. The goblin hits you with a +0 club.
You shoot a sling bullet.
The sling bullet barely misses the goblin.
The sling bullet closely misses the gnoll.
Robin throws the goblin at you!
The gnoll hits you from afar with a +0 spear.
The goblin hits you but does no damage. The goblin hits you with a +0 club.
You shoot a sling bullet.
The sling bullet barely misses the goblin.
The goblin hits you with a +0 club. The goblin hits you but does no damage.
The gnoll hits you from afar with a +0 spear. x2
The goblin barely misses you. The goblin closely misses you.
You shoot a sling bullet.
The sling bullet barely misses the goblin.
The gnoll barely misses you. The goblin barely misses you.
The goblin hits you but does no damage.
You shoot a sling bullet.
The sling bullet barely misses the goblin.
Robin roars a battlecry!
The goblins go into a battle-frenzy!
The gnoll hits you from afar with a +0 spear.
The goblin hits you but does no damage. The goblin hits you with a +0 club.
You die...

.#.###.#.#
#.......#.#
... #...#)###
#...#.......#
........#.#.#
###.#..<..#.#
#.#.#.#.#
#...#.#.#
#####.#@#
..#gg#
#.ggg..
ggg.###
...### g.).
..... ......


You could see Robin, 2 gnolls, 3 hobgoblins and 3 goblins.

Vanquished Creatures
  3 bats (D:1)
  2 giant cockroaches (D:1)
  7 goblins
  2 hobgoblins (D:1)
  3 jackals (D:1)
  A quokka (D:1)
  A ball python (D:1)
  3 frilled lizards (D:1)
  4 kobolds (D:1)
  3 rats (D:1)
29 creatures vanquished.

Notes
Turn   | Place    | Note
-------+----------+-------------------------------------------
     0 | D:1      | qw the Gargoyle Hexslinger began the quest for the Orb.
     0 | D:1      | Reached XP level 1. HP: 12/12 MP: 2/2
     0 | D:1      | 0 ||| qw: Version: 0.3-a-32-g5962c71
     0 | D:1      | 0 ||| qw: Game counter: 7431
     0 | D:1      | 0 ||| qw: Melee chars always use a shield: true
     0 | D:1      | 0 ||| qw: God list: Okawaru
     0 | D:1      | 0 ||| qw: Allow faded altars: false
     0 | D:1      | 0 ||| qw: Do Orc after clearing Dungeon:15 true
     0 | D:1      | 0 ||| qw: Do second Lair branch before Depths: true
     0 | D:1      | 0 ||| qw: Lair rune preference: random
     0 | D:1      | 0 ||| qw: Goals: Normal
     0 | D:1      | 0 ||| PLANNING D:1-11
   109 | D:1      | Reached XP level 2. HP: 8/16 MP: 3/3
   115 | D:1      | HP: 4/16 [jackal (1)]
   263 | D:1      | Reached skill level 3 in Ranged Weapons
   697 | D:1      | Reached XP level 3. HP: 21/21 MP: 4/4
   962 | D:1      | 962 ||| UPGRADING to +0 leather armour.
   972 | D:1      | 972 ||| DROPPING +0 robe.
   973 | D:1      | 973 ||| READING scroll labelled LIFOEPOTTEX.
   974 | D:1      | 974 ||| DROPPING scroll of poison.
  1043 | D:2      | Noticed Robin
  1048 | D:2      | HP: 2/21 [gnoll/+0 spear (4)]
  1048 | D:2      | Slain by a goblin

Levels and vault maps discovered:
D:1:      grunt_arrival_crossed_arrows, layout_basic
D:2:      layout_basic, minmay_pentomino_p2, uniq_robin

Skill      XL: |  1  2 |
---------------+-------+-----
Ranged Weapons | 3 |  3.2
Fighting       | 2 |  2.0
Dodging        | |  1.5
Spellcasting   | |  1.0
Hexes          | |  2.6

Action                     || total
---------------------------++-------
   Fire: Sling             ||    93
    Use: Scroll            ||     1
 Armour: Robe              ||    18
         Leather armour    ||     6
  Dodge: Dodged            ||    42

Table legend:
 A = Non-vault XP
 B = Vault XP
 C = Vault XP percentage of total XP
 D = Non-vault monster count
 E = Vault monster count
 F = Vault count percentage of total count
                 A         B        C        D         E       F
            +---------+---------+-------+---------+---------+-------
      Total |      43 |       4 |   8.5 |      27 |       2 |   6.9
            +---------+---------+-------+---------+---------+-------
        D:1 |      41 |       0 |   0.0 |      26 |       0 |   0.0
        D:2 |       2 |       4 |  66.7 |       1 |       2 |  66.7
            +---------+---------+-------+---------+---------+-------
